 Dungeon Crawl Stone Soup version 0.31-a0-846-gb3bcc0d938 (webtiles) character file.

Game seed: 10107995285830896771

1462 Nedwor the Cutter (level 8, 0/62 HPs)
             Began as a Demonspawn Gladiator on Oct 4, 2023.
             Was a Priest of Uskayaw.
             Slain by a gnoll
             ... wielding a +0 halberd
             ... led by a gnoll bouda
              (3 damage)
             ... on level 6 of the Dungeon.
             The game lasted 00:10:10 (5199 turns).

Nedwor the Cutter (Demonspawn Gladiator)            Turns: 5199, Time: 00:10:11

Health: 0/62       AC: 10    Str: 14    XL:     8   Next: 48%
Magic:  8/11       EV: 14    Int: 10    God:    Uskayaw [***...]
Gold:   199        SH:  0    Dex: 17    Spells: 7/7 levels left

rFire   + . .        k - +2 dagger (drain)
rCold   + + .        (no shield)
rNeg    . . .        t - +2 leather armour {rC+}
rPois   .            (helmet unavailable)
rElec   .            q - scarf {rC+ rF+}
rCorr   .            j - +0 pair of gloves
SInv    +            (no boots)
Will    .....        (no amulet)
Stlth   +            s - +4 ring of protection
HPRegen 0.30/turn    (no ring)
MPRegen 0.12/turn

%: no passive effects
@: no status effects
A: antennae 3, foul stench 2
a: Renounce Religion, Stomp, Line Pass


You were on level 6 of the Dungeon.
You worshipped Uskayaw.
Uskayaw was noncommittal.
You visited 1 branch of the dungeon, and saw 6 of its levels.

You collected 199 gold pieces.

Inventory:

Hand Weapons
 a - a +0 rapier
 k - a +2 dagger of draining (weapon)
Armour
 j - a +0 pair of gloves (worn)
 q - a scarf of resistance (worn)
 t - a +2 leather armour of cold resistance (worn)
Jewellery
 s - a +4 ring of protection (left hand)
Wands
 b - a wand of iceblast (8)
 d - a wand of polymorph (7)
 z - a wand of flame (23)
Scrolls
 g - 3 scrolls of identify
 n - 4 scrolls of teleportation
Potions
 c - a potion of might
 l - 2 potions of curing
 o - 2 potions of mutation
 r - 2 potions of magic
 u - 2 potions of invisibility
 v - a potion of heal wounds
 x - a potion of haste


   Skills:
 + Level 5.2 Fighting
 * Level 7.0 Short Blades
 - Level 1.7 Throwing
 + Level 5.2 Dodging
 + Level 4.5 Invocations


You had 7 spell levels left.
You didn't know any spells.
Your spell library was empty.

Dungeon Overview and Level Annotations

Branches:
Dungeon (6/15)
 Temple: D:4-7

Altars:
Fedhas
Hepliaklqana
Sif Muna
Uskayaw

Shops:
D:5 (==(?:

Annotations:
D:6 2 runed translucent doors


Innate Abilities, Weirdness & Mutations

You have a pair of large antennae on your head. (SInv)
You sometimes emit foul miasma when damaged in melee.


Message History

You hit the gnoll bouda.
The gnoll bouda is severely wounded.
The gnoll hits you but does no damage. The gnoll misses you.
The gnoll hits you but does no damage. The gnoll barely misses you.
You hit the gnoll bouda. You drain the gnoll bouda.
You kill the gnoll bouda!
The gnoll closely misses you. The gnoll misses you.
The gnoll barely misses you.
Uskayaw will force your foes to helplessly watch your dance.
Your Short Blades skill increases to level 7!
Unknown command.
You hit the gnoll. You drain the gnoll.
You kill the gnoll!
The gnoll hits you from afar with a +0 halberd.
* * * LOW HITPOINT WARNING * * *
Unknown command.
You hit the gnoll but do no damage. The gnoll hits you but does no damage.
The gnoll misses you. The gnoll hits you but does no damage.
The gnoll barely misses you.
You hit the gnoll. You drain the gnoll.
The gnoll is severely wounded.
The gnoll hits you from afar with a +0 spear.
* * * LOW HITPOINT WARNING * * *
The gnoll misses you. The gnoll hits you but does no damage.
Uskayaw prepares the audience for your solo!
The helpless gnoll fails to defend itself.
You impale the gnoll!!
You kill the gnoll!
Things that are here:
a +0 club; a +1 robe of cold resistance The gnoll is no longer paralysed. x3; The gnoll is no longer moving quickly.
The gnoll hits you with a +0 spear.
* * * LOW HITPOINT WARNING * * *
You emit a cloud of foul miasma!
The gnoll closely misses you. The gnoll misses you.
You hit the gnoll but do no damage.
The gnoll is engulfed in dark miasma.
The gnoll is poisoned.
The gnoll hits you with a +0 spear.
* * * LOW HITPOINT WARNING * * *
The gnoll misses you. The gnoll hits you with a +0 halberd.
You die...

.................#...............
.#.#............###........<...##
.#####.......................[.#.
.######..........# ##..........#
....##...........# ##.........###
.....#(.......##.###...........#
.#.........)..##.##..............
.###............gg..###.##..###..
## #####....<..)@g## #..###..# #.
##.......)..####.###..## #
#......)##).# #...#...#
#......##...###.......#
#..........))...........
#.......#..........#####
.......##.##......## )8
#..................#
#.##>.............+u..


You could see 3 gnolls.

Vanquished Creatures
  Sigmund (D:5)
  Duvessa (D:5)
  A sky beast (D:3)
  2 ice beasts (D:5)
  A black bear (D:6)
  An ogre (D:6)
  3 scorpions
  A bullfrog (D:6)
  Dowan (D:5)
  2 jellies
  A gnoll bouda (D:6)
  4 iguanas
  A sleepcap (D:6)
  5 gnolls (D:6)
  6 adders
  3 white imps
  An ufetubus (D:5)
  4 dart slugs
  4 orcs (D:5)
  12 ball pythons
  8 endoplasms
  2 giant cockroaches
  12 goblins
  9 hobgoblins
  5 jackals
  4 quokkas
  5 bats
  7 frilled lizards
  8 kobolds
  5 rats
120 creatures vanquished.

Notes
Turn   | Place    | Note
-------+----------+-------------------------------------------
     0 | D:1      | Nedwor the Demonspawn Gladiator began the quest for the
                  | Orb.
     0 | D:1      | Reached XP level 1. HP: 16/16 MP: 1/1
   167 | D:1      | Reached skill level 3 in Short Blades
   167 | D:1      | Gained mutation: You have a pair of small antennae on your
                  | head. [demonic ancestry]
   167 | D:1      | Reached XP level 2. HP: 13/22 MP: 2/2
   436 | D:1      | Found a faded altar of an unknown god.
   531 | D:1      | Gained mutation: You may rarely emit foul miasma when
                  | damaged in melee. [demonic ancestry]
   531 | D:1      | Reached XP level 3. HP: 25/28 MP: 3/3
  1523 | D:2      | Reached XP level 4. HP: 31/34 MP: 4/4
  1881 | D:3      | Reached skill level 4 in Short Blades
  2235 | D:3      | Noticed a sky beast
  2247 | D:3      | Killed a sky beast
  2248 | D:3      | Reached XP level 5. HP: 26/41 MP: 5/5
  2837 | D:4      | Gained mutation: You have a pair of antennae on your head.
                  | [demonic ancestry]
  2837 | D:4      | Reached XP level 6. HP: 47/47 MP: 6/6
  3197 | D:4      | Found a hide-covered altar of Uskayaw.
  3323 | D:4      | Found a shimmering blue altar of Sif Muna.
  3385 | D:4      | Became a worshipper of Uskayaw the Reveller
  3448 | D:5      | Entered Level 5 of the Dungeon
  3497 | D:5      | Reached * piety under Uskayaw
  3499 | D:5      | Reached ** piety under Uskayaw
  3501 | D:5      | Reached skill level 5 in Short Blades
  3681 | D:5      | Noticed Sigmund
  3693 | D:5      | Reached *** piety under Uskayaw
  3694 | D:5      | Killed Sigmund
  3695 | D:5      | Reached skill level 1 in Invocations
  3695 | D:5      | Gained mutation: You have a pair of large antennae on your
                  | head. (SInv) [demonic ancestry]
  3695 | D:5      | Reached XP level 7. HP: 54/54 MP: 6/8
  3851 | D:5      | Noticed Dowan
  3852 | D:5      | Noticed Duvessa
  3890 | D:5      | Killed Duvessa
  3891 | D:5      | Killed Dowan
  3892 | D:5      | Reached skill level 6 in Short Blades
  4013 | D:5      | Found Neesch's Antique Weapon Shoppe.
  4013 | D:5      | Found Powofeoko's Antique Weapon Emporium.
  4019 | D:5      | Found Edejokli's Magic Scroll Emporium.
  4019 | D:5      | Found Naep's Jewellery Shoppe.
  4025 | D:5      | Found Estiath's Book Shoppe.
  4025 | D:5      | Found Kepurghoss's Jewellery Emporium.
  4480 | D:6      | Gained mutation: You sometimes emit foul miasma when
                  | damaged in melee. [demonic ancestry]
  4480 | D:6      | Reached XP level 8. HP: 61/61 MP: 10/10
  4560 | D:6      | Found a hazy altar of Hepliaklqana.
  4604 | D:6      | Found a blossoming altar of Fedhas.
  4611 | D:6      | Reached skill level 5 in Fighting
  4611 | D:6      | Reached skill level 5 in Dodging
  4728 | D:6      | Found a large runed translucent door.
  4729 | D:6      | Found a large runed translucent door.
  4733 | D:6      | Noticed a green ugly thing
  5193 | D:6      | Reached skill level 7 in Short Blades
  5199 | D:6      | HP: 3/62 [gnoll/+0 spear[a gnoll bouda] (6)]
  5199 | D:6      | Slain by a gnoll

Illustrated notes

Levels and vault maps discovered:
D:1:      dpeg_cavernosity, layout_rooms, shapermc_ecumenical_altar_gd,
          minmay_ruptured
D:2:      layout_rooms, minmay_misc_feat_rugged
D:3:      wad_crossroads, layout_basic, st_stairs_4, dk_noncrumbling_2,
          minmay_misc_feat_five
D:4:      layout_rooms, lemuel_blue_sif_altar, mainiacjoe_overflow_24_doors
D:5:      layout_cave_pods, nicolae_shop_national_dungeon_mall, uniq_duvessa,
          uniq_sigmund
D:6:      minmay_chambers_of_sixes, layout_cave_pools,
          nzn_hepliaklqana_mist_gate, fedhas_altar_3,
          nicolae_ru_great_annihilating_truth, minmay_hollow_rounded_squares

Skill      XL: |  1  2  3  4  5  6  7  8 |
---------------+-------------------------+-----
Short Blades   | 3 4 5 6 7 |  7.0
Dodging        | 3 4 5 |  5.2
Fighting       | 3 4 5 |  5.2
Invocations    | 1 3 4 |  4.5
Throwing       | |  1.7

Action                     |  1- 3 |  4- 6 |  7- 9 || total
---------------------------+-------+-------+-------++-------
  Melee: Rapier            |    68 |       |       ||    68
         Dagger            |    71 |   149 |   165 ||   385
         Punch             |       |     1 |     3 ||     4
 Invoke: Line Pass         |       |       |     1 ||     1
    Use: Scroll            |       |       |    16 ||    16
         Potion            |       |       |     1 ||     1
   Stab: Sleeping          |     2 |     1 |       ||     3
         Paralysed         |       |     1 |     4 ||     5
 Armour: Leather armour    |    86 |    74 |    92 ||   252
  Dodge: Dodged            |    86 |    64 |    98 ||   248

Table legend: (Time is in decaauts)
 A = Elapsed time spent in this place.
 B = Non-inter-level travel time spent in this place.
 C = Inter-level travel time spent in this place.
 D = Time resting spent in this place.
 E = Time spent auto-exploring this place.
 F = Levels seen in this place.
 G = Mean time per level.
                   A        B        C        D        E       F      G
               +--------+--------+--------+--------+--------+-----+--------+
         Total |   5105 |   4858 |    247 |    474 |   3533 |   6 |  850.8 |
       Dungeon |   5105 |   4858 |    247 |    474 |   3533 |   6 |  850.8 |
               +--------+--------+--------+--------+--------+-----+--------+

Top non-repeatable levels by time:
     D:3: 1058 daAuts
     D:5: 994 daAuts
     D:1: 971 daAuts
     D:2: 752 daAuts
     D:6: 696 daAuts
     D:4: 631 daAuts
